 Dungeon Crawl Stone Soup version 0.31.0-11-ge490571c62 (webtiles) character file.

Game seed: 9121751405835716140

103264 Minsecho the Spry (level 15, -19/80 HPs)
             Began as a Spriggan Monk on Jan 29, 2024.
             Was the Champion of Makhleb.
             Demolished by a red ugly thing (20 damage)
             ... on level 15 of the Dungeon.
             The game lasted 01:19:11 (24283 turns).

Minsecho the Spry (Spriggan Monk)                  Turns: 24283, Time: 01:19:12

Health: -19/80     AC: 10    Str: 19    XL:     15   Next: 88%
Magic:  26/32      EV: 29    Int: 12    God:    Makhleb [******]
Gold:   916        SH:  0    Dex: 19    Spells: 18/39 levels left

rFire   . . .        z - +7 short sword (elec)
rCold   . . .        W - orb {*channel}
rNeg    . . .        H - +0 acid dragon scales
rPois   .            f - +2 hat
rElec   .            F - +0 cloak
rCorr   +            (gloves unavailable)
SInv    +            (boots unavailable)
Will    ++...        s - amulet of regeneration
Stlth   +++++        P - +6 ring of strength
HPRegen 1.13/turn    T - ring of wizardry
MPRegen 0.23/turn

%: clarity, wizardry (x1), channel magic (20%)
@: very quick
A: very small, no large weapons, unfitting armour, see invisible, speed 3,
hooves 1, clarity
a: Renounce Religion, Minor Destruction, Lesser Servant of Makhleb, Major
Destruction, Greater Servant of Makhleb


You were on level 15 of the Dungeon.
You worshipped Makhleb.
Makhleb was exalted by your worship.
You visited 3 branches of the dungeon, and saw 21 of its levels.
You also visited: Sewer.

You collected 1177 gold pieces.
You spent 261 gold pieces at shops.

Inventory:

Hand Weapons
 z - a +7 short sword of electrocution (weapon)
Missiles
 i - 46 poisoned darts (quivered)
 q - 3 throwing nets
 B - 6 atropa-tipped darts
Armour
 f - a +2 hat (worn)
 F - a +0 cloak (worn)
 H - +0 acid dragon scales (worn)
 W - an orb of energy (worn)
Jewellery
 c - a +6 ring of strength
 p - a ring of ice
 s - an amulet of regeneration (around neck)
 y - a ring of protection from fire
 K - a ring of flight
 M - a ring of protection from fire
 N - a ring of poison resistance
 P - a +6 ring of strength (left hand)
 Q - a +6 ring of intelligence
 S - an amulet of reflection
 T - a ring of wizardry (right hand)
 Y - a +6 ring of intelligence
Wands
 l - a wand of acid (4)
 w - a wand of paralysis (11)
 C - a wand of iceblast (7)
 R - a wand of flame (33)
 V - a wand of digging (3)
Scrolls
 a - a scroll of poison
 b - 7 scrolls of teleportation
 h - 5 scrolls of fear
 j - 4 scrolls of amnesia
 m - 3 scrolls of revelation
 t - 2 scrolls of vulnerability
 u - a scroll of enchant weapon
 x - 5 scrolls of immolation
 A - 3 scrolls of torment
 I - 3 scrolls of blinking
 L - 2 scrolls of fog
 X - 7 scrolls of identify
Potions
 e - 2 potions of resistance
 g - a potion of might
 k - 7 potions of heal wounds
 n - 9 potions of curing
 o - 4 potions of ambrosia
 r - 3 potions of haste
 v - 4 potions of enlightenment
 D - a potion of invisibility
 G - 2 potions of brilliance
 J - a potion of attraction
 O - 2 potions of magic
 U - 5 potions of lignification
Miscellaneous
 d - a condenser vane
 E - a phantom mirror
 Z - a phial of floods


   Skills:
 + Level 9.9 Fighting
 - Level 10.0 Short Blades
 + Level 1.9 Throwing
 + Level 5.3 Armour
 + Level 16.4 Dodging
 + Level 13.1 Stealth
 + Level 5.8 Unarmed Combat
 + Level 12.8 Spellcasting
 + Level 4.0 Conjurations
 + Level 1.2 Hexes
 + Level 8.2 Air Magic
 + Level 10.3 Alchemy
 * Level 4.5 Invocations
 + Level 0.4 Evocations


You had 18 spell levels left.
You knew the following spells:

 Your Spells              Type           Power      Damage    Failure   Level
a - Mercury Vapours       Alch/Air       60%        N/A       1%          2
b - Mephitic Cloud        Conj/Alch/Air  25%        N/A       2%          3
c - Alistair's Intoxicat  Alch           21%        N/A       6%          5
d - Fugue of the Fallen   Necr           7%         N/A       26%         3
e - Eringya's Noxious Bo  Alch           16%        4d6       21%         6
f - Jinxbite              Hex            20%        N/A       10%         2

Your spell library contained the following spells:

 Spells                   Type           Power      Damage    Failure   Level
 Sting                    Conj/Alch      96%        1d9       1%          1
 Foxfire                  Conj/Fire      48%        2x1d6     6%          1
 Apportation              Tloc           14%        N/A       12%         1
 Necrotise                Necr           28%        1d5       12%         1
 Sandblast                Erth           14%        2d6       12%         1
 Ozocubu's Armour         Ice            7%         N/A       26%         3
 Vampiric Draining        Necr           7%         2d6       26%         3
 Freezing Cloud           Conj/Ice/Air   8%         6-21      38%         5
 Manifold Assault         Tloc           7%         N/A       58%         4
 Martyr's Knell           Necr/Summ      7%         N/A       58%         4
 Sculpt Simulacrum        Ice/Alch       10%        N/A       77%         6
 Metabolic Englaciation   Hex/Ice        4%         N/A       80%         5
 Borgnjor's Vile Clutch   Necr/Erth      3%         N/A       86%         5
 Curse of Agony           Necr           7%         N/A       86%         5


Dungeon Overview and Level Annotations

Branches:
Dungeon (15/15)            Temple (1/1) D:6            Lair (5/5) D:8
 Shoals (0/4) Lair:3        Snake (0/4) Lair:2        Slime (0/5) Lair:4
    Orc (0/2) D:10         Vaults (0/5) D:13         Depths (0/4) D:15
  Sewer (visited)

Altars:
Ashenzari
Cheibriados
Dithmenos
Elyvilon
Fedhas
Gozag
Hepliaklqana
Kikubaaqudgha
Makhleb
Nemelex Xobeh
Okawaru
Qazlal
Ru
Sif Muna
Trog
Uskayaw
Vehumet
Wu Jian
Xom
Yredelemnul
Zin
The Shining One

Shops:
D:5 *   D:14 *

Portals:
Trove: D:14 (give 8 scrolls of fog)

Annotations:
D:5 3 runed translucent doors, PaiMei's ghost, novice DsNe
D:11 exclusion: obsidian statue


Innate Abilities, Weirdness & Mutations

You are very small and have problems with some larger weapons.
You are too small for most types of armour.
You have supernaturally acute eyesight. (SInv)
You cover ground extremely quickly. (Speed+++)
You have large cloven feet.
You possess an exceptional clarity of mind.


Message History

The red ugly thing claws the red ugly thing but does no damage.
The white ugly thing headbutts you! The white ugly thing freezes you!
The red ugly thing completely misses you.
The red ugly thing pecks something.
Something is engulfed in flames!
The red ugly thing pecks itself.
Makhleb accepts your kill.
You feel a bit more experienced.
The white ugly thing basks in the mutagenic energy from its kin and changes!
Casting: Mephitic Cloud (mildly dangerous; 2% risk of failure)
Confirm with . or Enter, or press ? or * to list all spells.
Aiming: Mephitic Cloud (mildly dangerous; 2% risk of failure)
Press: ? - help, Shift-Dir - straight line, f/p - red ugly thing
Aim: a red ugly thing (severely wounded, ally target, chance to affect: 43%)
The ball explodes into a vile cloud!
The stinking cloud engulfs the red ugly thing.
The red ugly thing is moderately wounded.
The stinking cloud engulfs the red ugly thing.
The red ugly thing is severely wounded.
The stinking cloud engulfs your ynoxinul.
Magical energy flows into your mind!
Your ynoxinul hits the red ugly thing.
The red ugly thing is engulfed in noxious fumes.
Unknown command.
You hit the red ugly thing but do no damage.
You kick the red ugly thing, but do no damage.
The red ugly thing is moderately wounded.
Your ynoxinul hits the red ugly thing. You closely miss the red ugly thing.
The red ugly thing is moderately wounded.
The red ugly thing trunk-slaps you.
You are engulfed in flames!!
* * * LOW HITPOINT WARNING * * *
The red ugly thing headbutts your ynoxinul!
Your ynoxinul is engulfed in flames!
Your ynoxinul dies!
Your ynoxinul disappears in a puff of smoke!
The purple ugly thing is engulfed in noxious fumes.
The red ugly thing attacks as it pursues you!
The red ugly thing trunk-slaps you!
* * * LOW HITPOINT WARNING * * *
You are engulfed in flames!!
You die...

.#.....#.#.#...#.............,,,,
#.......###..................,,,,
.............................,,,,
...###.......###....<.u......,,,*
..#.#.#.....#.#.#.u.J...J.<..,,,,
.#..#..#...#..#..#.uu#.......*,,,
#...#...#.#...#...#.##.......*,,,
###################§u..#.#...,,,,
..#..........###@u.u§..###,..,,,,
.......................#*,,,.^,,,
.#..................##..#*,,,,,,,
.#.................##*#..#,,,,,,,
##..................,**..#,,,,,,,
#......................,#(.,,,,,,
.......................#*.#,,,,**
.##..............#......,,**,,,,,
#...............###.....,****,,,,


You could see 3 ugly things.

Vanquished Creatures
  A sphinx (D:14)
  Gastronok (Lair:2)
  A storm dragon (D:14)
  A fire giant (D:15)
  An ettin (D:14)
  Snorg (Lair:4)
  An entropy weaver (shapeshifter) (D:13)
  3 vault guards (D:13)
  6 hydras
  6 centaur warriors
  An ogre mage (D:15)
  10 two-headed ogres
  A boulder beetle (D:13)
  3 catoblepae
  A deep troll earth mage (D:14)
  A deep troll shaman (Lair:5)
  15 death yaks
  An occultist (D:11)
  3 arcanists (D:13)
  2 deep trolls (D:13)
  A necromancer (D:13)
  3 deep elf pyromancers
  5 cyclopes
  6 manticores
  23 ugly things
  A salamander (Lair:2)
  27 elephants
  2 black mambas (Lair:4)
  A torpor snail (Lair:1)
  Maggie (D:6)
  10 cane toads
  2 gargoyles
  3 unseen horror zombies (D:8)
  Jeremiah (D:8)
  An unseen horror (D:10)
  A rime drake (Lair:5)
  3 efreet
  7 komodo dragons
  A kobold demonologist (D:9)
  A freezing wraith (D:15)
  6 trolls
  A polar bear (shapeshifter) (D:15)
  2 merfolk (Lair:3)
  2 hornets
  4 polar bears
  33 blink frogs
  7 dream sheep (Lair:3)
  3 centaur simulacra (D:14)
  2 shadows
  5 wraiths
  A wyvern (Lair:5)
  2 vampires
  43 yaks
  A basilisk (shapeshifter) (D:14)
  A human (shapeshifter) (D:13)
  2 basilisks
  18 humans (D:13)
  A fire bat (shapeshifter) (D:14)
  A warg (D:9)
  3 vampire mosquitoes
  5 steam dragons
  3 nagas (Lair:2)
  2 acid dragons
  21 water moccasins
  4 sky beasts
  5 orc warriors
  3 black bears
  A laughing skull (D:14)
  An ice beast (D:6)
  11 wolves
  5 centaurs
  3 ogres
  2 phantoms
  6 kobold brigands
  Blork the orc (D:4)
  17 bullfrogs
  4 scorpions
  4 gnoll sergeants
  3 necrophages (D:8)
  A wyvern zombie (D:8)
  3 wights (D:8)
  9 killer bees
  5 howler monkeys
  10 jellies
  A bombardier beetle (D:5)
  11 orc priests
  A gnoll bouda (D:7)
  4 hounds
  An iguana (D:7)
  6 orc wizards
  14 adders
  3 river rats
  30 gnolls
  A shadow imp (D:7)
  2 white imps
  8 ribbon worms
  6 dart slugs
  36 orcs
  6 ball pythons
  3 bats
  13 endoplasms
  4 giant cockroaches
  8 goblins
  5 hobgoblins
  3 jackals (D:1)
  7 quokkas
  6 frilled lizards
  26 kobolds
  19 rats
651 creatures vanquished.

Vanquished Creatures (others)
  A gargoyle (D:11)
  An orc (D:11)
2 creatures vanquished.

Grand Total: 653 creatures vanquished

Notes
Turn   | Place    | Note
-------+----------+-------------------------------------------
     0 | D:1      | Minsecho the Spriggan Monk began the quest for the Orb.
     0 | D:1      | Reached XP level 1. HP: 11/11 MP: 2/2
   312 | D:1      | Reached XP level 2. HP: 10/16 MP: 3/3
   392 | D:1      | Found a faded altar of an unknown god.
   961 | D:2      | Reached XP level 3. HP: 18/19 MP: 4/4
  1341 | D:2      | Reached skill level 5 in Dodging
  1341 | D:2      | Reached XP level 4. HP: 22/23 MP: 5/5
  1775 | D:2      | Learned a level 2 spell: Mercury Vapours
  2722 | D:3      | Reached XP level 5. HP: 10/28 MP: 6/6
  2735 | D:3      | Found a glowing drain.
  2782 | Sewer    | Entered a sewer
  3076 | Sewer    | Reached skill level 1 in Spellcasting
  3632 | Sewer    | Reached XP level 6. HP: 27/32 MP: 8/10
  3773 | D:3      | Reached skill level 6 in Dodging
  4831 | D:4      | Noticed Blork the orc
  5066 | D:4      | Reached XP level 7. HP: 18/36 MP: 12/12
  5071 | D:4      | Reached skill level 5 in Unarmed Combat
  5439 | D:4      | Learned a level 3 spell: Mephitic Cloud
  5482 | D:4      | Killed Blork the orc
  5510 | D:4      | Found a shimmering blue altar of Sif Muna.
  6044 | D:5      | Entered Level 5 of the Dungeon
  6051 | D:5      | Found a runed translucent gate.
  6053 | D:5      | Found a runed translucent gate.
  6063 | D:5      | Found Veefas's General Store.
  6071 | D:5      | Bought a potion of curing for 42 gold pieces
  6071 | D:5      | Bought a scroll of enchant weapon for 105 gold pieces
  6071 | D:5      | Bought a potion of curing for 42 gold pieces
  6615 | D:5      | Noticed PaiMei's ghost (novice DsNe)
  6617 | D:5      | Found a runed translucent gate.
  6640 | D:5      | Reached skill level 1 in Short Blades
  6640 | D:5      | Reached skill level 1 in Throwing
  6815 | D:5      | Reached skill level 7 in Dodging
  6815 | D:5      | Reached XP level 8. HP: 29/40 MP: 14/14
  7119 | D:5      | Reached skill level 1 in Alchemy
  7477 | D:6      | Found a staircase to the Ecumenical Temple.
  7493 | Temple   | Entered the Ecumenical Temple
  7529 | Temple   | Became a worshipper of Makhleb the Destroyer
  7529 | Temple   | Reached * piety under Makhleb
  7529 | Temple   | Reached ** piety under Makhleb
  7592 | D:6      | Reached skill level 1 in Air Magic
  8430 | D:6      | Reached skill level 8 in Dodging
  8735 | D:7      | Noticed Maggie
  8757 | D:6      | Killed Maggie
  8758 | D:6      | Reached skill level 5 in Short Blades
  8758 | D:6      | Reached XP level 9. HP: 45/45 MP: 11/17
  8856 | D:7      | Noticed a gargoyle
  8895 | D:7      | Killed a gargoyle
  8921 | D:7      | Noticed a purple ugly thing
  8992 | D:6      | Killed a purple ugly thing
  8993 | D:6      | Reached skill level 5 in Spellcasting
  9065 | D:6      | Reached skill level 9 in Dodging
  9118 | D:7      | Noticed a two-headed ogre
  9173 | D:7      | Killed a two-headed ogre
  9174 | D:7      | Reached XP level 10. HP: 50/50 MP: 16/19
  9285 | D:7      | Noticed a cyclops
  9385 | D:7      | Killed a cyclops
  9398 | D:7      | Reached *** piety under Makhleb
  9416 | D:7      | Noticed a cyclops
  9434 | D:7      | Killed a cyclops
  9648 | D:7      | Reached skill level 5 in Alchemy
  9697 | D:7      | Reached skill level 10 in Dodging
 10198 | D:8      | Found a staircase to the Lair.
 10272 | D:8      | Got Even Novices Can Use Casting!
 10310 | D:8      | You fall into a shaft and drop 3 floors!
 10370 | D:11     | Reached XP level 11. HP: 54/54 MP: 23/23
 10430 | D:11     | Reached skill level 11 in Dodging
 10656 | D:11     | Reached **** piety under Makhleb
 10898 | D:11     | Noticed an obsidian statue
 11041 | D:10     | Entered Level 10 of the Dungeon
 11518 | D:9      | Reached skill level 5 in Fighting
 11571 | D:9      | Reached skill level 10 in Short Blades
 11659 | D:9      | Reached skill level 1 in Conjurations
 11963 | D:9      | Reached ***** piety under Makhleb
 11971 | D:9      | Learned a level 5 spell: Alistair's Intoxication
 11975 | D:9      | Learned a level 3 spell: Fugue of the Fallen
 12150 | D:8      | Identified the +6 hand axe of Beogh's Displeasure {vamp,
                  | Int+2}
 12164 | D:8      | Reached skill level 1 in Armour
 12374 | D:8      | Noticed Jeremiah
 12394 | D:8      | Killed Jeremiah
 12641 | D:8      | Found a blossoming altar of Fedhas.
 12836 | D:9      | Reached skill level 12 in Dodging
 12923 | D:10     | Found a staircase to the Orcish Mines.
 13054 | D:10     | Noticed a two-headed ogre
 13119 | D:10     | Killed a two-headed ogre
 13120 | D:10     | Reached XP level 12. HP: 60/60 MP: 10/25
 13221 | D:10     | Noticed a two-headed ogre
 13235 | D:10     | Killed a two-headed ogre
 13236 | D:10     | Reached skill level 5 in Air Magic
 13590 | D:12     | Reached skill level 1 in Stealth
 14030 | D:12     | Noticed a two-headed ogre
 14046 | D:12     | Killed a two-headed ogre
 14063 | D:12     | Noticed a two-headed ogre
 14064 | D:12     | Noticed a two-headed ogre
 14074 | D:12     | Killed a two-headed ogre
 14086 | D:12     | Reached skill level 1 in Invocations
 14088 | D:12     | Killed a two-headed ogre
 14099 | D:12     | Reached skill level 5 in Stealth
 14680 | D:13     | Noticed a vault guard
 14681 | D:13     | Noticed a vault guard
 14719 | D:13     | Reached skill level 10 in Spellcasting
 14745 | D:13     | Killed a vault guard
 14752 | D:13     | Killed a vault guard
 14828 | D:13     | Noticed a vault guard
 14847 | D:13     | Killed a vault guard
 14847 | D:13     | Reached ****** piety under Makhleb
 14848 | D:13     | Reached XP level 13. HP: 55/65 MP: 23/28
 14890 | D:13     | Found a gate to the Vaults.
 15122 | Lair:1   | Entered Level 1 of the Lair of Beasts
 15771 | Lair:1   | Reached skill level 13 in Dodging
 16248 | Lair:2   | Noticed Gastronok
 16354 | Lair:2   | Killed Gastronok
 16546 | Lair:2   | Gained mutation: Your mind is acute. (Int +4, Str/Dex -1)
                  | [potion of mutation]
 16546 | Lair:2   | Gained mutation: You passively map a small area around you.
                  | [potion of mutation]
 16987 | Lair:2   | Reached XP level 14. HP: 72/72 MP: 22/30
 17127 | Lair:2   | Reached skill level 14 in Dodging
 17220 | Lair:2   | Found a staircase to the Snake Pit.
 18547 | Lair:3   | Found a staircase to the Shoals.
 18868 | Lair:3   | Lost mutation: Your mind is acute. (Int +4, Str/Dex -1)
                  | [potion of mutation]
 18868 | Lair:3   | Lost mutation: You passively map a small area around you.
                  | [potion of mutation]
 18868 | Lair:3   | Gained mutation: You possess an exceptional clarity of
                  | mind. [potion of mutation]
 18868 | Lair:3   | Gained mutation: You have large cloven feet. [potion of
                  | mutation]
 19188 | Lair:4   | You fall into a shaft and drop 1 floor!
 19188 | Lair:5   | Entered Level 5 of the Lair of Beasts
 19340 | Lair:4   | Found a staircase to the Slime Pits.
 19578 | Lair:4   | Noticed Snorg
 19593 | Lair:4   | Killed Snorg
 19974 | Lair:5   | Reached skill level 15 in Dodging
 20772 | D:9      | Identified the +3 great mace of Hypizit {drain, MP+9 Dex+6}
 21060 | Lair:5   | Reached skill level 10 in Alchemy
 21084 | Lair:5   | Learned a level 6 spell: Eringya's Noxious Bog
 21087 | Lair:5   | Learned a level 2 spell: Jinxbite
 21234 | Lair:5   | Reached XP level 15. HP: 73/79 MP: 32/32
 21849 | D:13     | Reached skill level 10 in Stealth
 22200 | D:13     | Reached skill level 1 in Hexes
 22212 | D:13     | Reached skill level 5 in Armour
 22721 | D:14     | Identified the amulet of Romihir {Faith Str+2 Int+3}
 22814 | D:14     | Found Pal Wal's General Store.
 22818 | D:14     | Bought a potion of might for 72 gold pieces
 23045 | D:14     | Reached skill level 16 in Dodging
 23281 | D:14     | Found a portal to a secret trove of treasure.
 23480 | D:14     | Noticed a storm dragon
 23500 | D:14     | Killed a storm dragon
 23643 | D:14     | Noticed a sphinx
 23659 | D:14     | Killed a sphinx
 23676 | D:14     | Identified the staff of Pawas {rN+ SInv Necro}
 23791 | D:15     | Entered Level 15 of the Dungeon
 23797 | D:15     | Found a staircase to the Depths.
 23797 | D:15     | Noticed a fire giant
 23804 | D:15     | Killed a fire giant
 24283 | D:15     | HP: 1/80 [red ugly thing (8)]
 24283 | D:15     | Demolished by a red ugly thing

Illustrated notes

Levels and vault maps discovered:
D:1:      minmay_arrival_checkered_box, layout_loops_cross,
          hellmonk_ecumenical_altar_blasted
D:2:      minmay_angry_zag, layout_loops_cross, minmay_tripent
D:3:      layout_loops_ring, lightli_sewer_entry_pipes
D:4:      layout_loops_corners, tgw_sif
D:5:      layout_loops_cross, gammafunk_ghost_split, serial_shops,
          nicolae_shop_getting_attention
D:6:      layout_loops_ring, minmay_temple_entry_drinking_statues,
          grunt_decor_clamped
D:7:      nzn_winding_woodlands_small [nzn_winding_woodlands_5x15_sawtooth,
          nzn_winding_woodlands_center_pierced_h,
          nzn_winding_woodlands_5x15_sidewinder], layout_loops_ring, uniq_maggie
D:8:      layout_basic, fedhas_altar_decomposition, due_lair_maze_entry_diamond,
          uniq_jeremiah
D:9:      layout_loops_ring
D:10:     layout_small_grid, david_orc_3
D:11:     minmay_statue_hallways, layout_basic
D:12:     layout_loops_ring, st_stairs_2
D:13:     lemuel_troll_bridge, layout_long_grid, grunt_vaults_entry_tiered
D:14:     minmay_chopped_fan, layout_basic, serial_shops,
          nicolae_shop_back_alley_shop, enter_trove_0, roderic_malta_cross
D:15:     grunt_enter_depths_giant_problem, layout_cave_pools,
          hangedman_decor_diamond_cutter, minmay_fountain_box
Temple:   nicolae_temple_bog_church
Lair:1:   layout_regular_city
Lair:2:   layout_regular_city, alex1729_snake_entry_snake, lemuel_fruit_tree,
          uniq_gastronok
Lair:3:   layout_chaotic_city, elwin_shoals_entry_rooms
Lair:4:   layout_gridlike, nicolae_slime_entry_slimehenge, st_stairs_3,
          uniq_snorg
Lair:5:   grunt_lair_end_beastmaster, layout_regular_city, st_stairs_8

Skill      XL: |  1  2  3  4  5  6  7  8  9 10 11 12 13 14 15 |
---------------+----------------------------------------------+-----
Unarmed Combat | 3 4 5 |  5.8
Dodging        | 5 6 7 8 9 10 12 13 15 16 | 16.4
Spellcasting   | 2 3 4 5 7 8 10 11 12 | 12.8
Fighting       | 3 4 5 6 7 9 |  9.9
Short Blades   | 2 5 7 9 10 | 10.0
Throwing       | 1 |  1.9
Alchemy        | 2 4 5 7 8 9 10 | 10.3
Air Magic      | 1 3 4 6 7 8 |  8.2
Conjurations   | 1 2 3 4 |  4.0
Armour         | 1 3 4 5 |  5.3
Stealth        | 7 8 13 | 13.1
Invocations    | 1 2 4 |  4.5
Hexes          | 1 |  1.2
Evocations     | |  0.4

Action                     |  1- 3 |  4- 6 |  7- 9 | 10-12 | 13-15 || total
---------------------------+-------+-------+-------+-------+-------++-------
  Melee: Unarmed           |   158 |   426 |    63 |       |       ||   647
         Dagger            |       |       |   305 |       |       ||   305
         Short sword       |       |       |   105 |   925 |  1594 ||  2624
         Kick              |       |       |       |       |   430 ||   430
         Punch             |       |       |       |       |     3 ||     3
  Throw: Stone             |     8 |       |       |       |       ||     8
         Dart              |       |     7 |    10 |     4 |     3 ||    24
   Cast: Mercury Vapours   |       |     2 |    34 |    45 |    25 ||   106
         Mephitic Cloud    |       |       |     5 |    42 |    81 ||   128
         Alistair's Intoxi |       |       |       |     1 |       ||     1
         Fugue of the Fall |       |       |       |       |     1 ||     1
         Jinxbite          |       |       |       |       |     2 ||     2
 Invoke: Minor Destruction |       |       |     2 |     8 |     1 ||    11
         Lesser Servant of |       |       |       |       |     1 ||     1
  Evoke: Wand              |       |       |     1 |       |       ||     1
    Use: Potion            |       |     7 |     1 |     2 |     2 ||    12
         Scroll            |       |     7 |     4 |    10 |     8 ||    29
   Stab: Confused          |       |       |     1 |    31 |    74 ||   106
         Paralysed         |       |       |     9 |       |       ||     9
         Sleeping          |       |       |       |       |    10 ||    10
         Distracted        |       |       |       |       |     1 ||     1
 Armour: Robe              |    40 |   140 |    60 |       |       ||   240
         Steam dragon scal |       |       |    21 |    69 |       ||    90
         Acid dragon scale |       |       |       |   109 |   373 ||   482
  Dodge: Dodged            |   134 |   465 |   289 |   506 |  1055 ||  2449
